Cogmind - Beta 14 @@@ ROGUE MODE // 2024.08.08 @ 00:17:51 Player: DBrickShaw Result: Destroyed by 8X-S0F(R) with Subdweller Beam Cannon Performance ------------- Evolutions (0) 0 Regions Visited (2) 400 Robots Destroyed (6) 30 Value Destroyed (72) 72 Prototype IDs (3) 60 Alien Tech Used (0) 0 Bonus (0) 0 TOTAL SCORE: 562 Bonus ------- None Cogmind --------- Core Integrity 0/250 Matter 300/300 Energy 92/100 System Corruption 2% Temperature Cool (9) Movement Walking (120) Location -10/Subcaves Parts ------- > --- POWER (1) -------- (None) > --- PROPULSION (2) --- Carbon-fiber Leg Carbon-fiber Leg > --- UTILITY (2) ------ (None) > --- WEAPON (2) ------- EM Pulse Gun Medium Laser > --- INVENTORY (5) ---- Light Assault Rifle Mining Claw Peak State ------------ > --- POWER ------------ Light Ion Engine > --- PROPULSION ------- Wheel Wheel > --- UTILITY ---------- Small Matter Pod Improved Terrain Scanner > --- WEAPON ----------- EM Pulse Gun Light Assault Rifle > --- INVENTORY -------- Ion Engine Aluminum Leg Aluminum Leg EM Pulse Gun Mining Laser [Rating: 9] Favorites ----------- Power Light Ion Engine Engine Light Ion Engine Propulsion Wheel Leg Carbon-fiber Leg Wheel Wheel Utility Medium Matter Pod Device Structural Scanner Storage Medium Matter Pod Protection Core Shielding Weapon Light Assault Rifle Energy Gun EM Pulse Gun Ballistic Gun Light Assault Rifle Slashing Weapon Mining Claw Build | -11 -10 -10 ------- Run | Yrd Mat Sub Slots Evolved . | . . . Power . | . . . Propulsion . | . . . Utility . | . . . Weapon . | . . . Parts Attached 26 | 9 8 9 Power 3 | 1 1 1 Engine 3 | 1 1 1 Core . | . . . Reactor . | . . . Propulsion 7 | 4 . 3 Treads . | . . . Leg 2 | . . 2 Wheel 5 | 4 . 1 Hover . | . . . Flight . | . . . Utility 8 | 2 3 3 Device 3 | 1 1 1 Storage 3 | 1 1 1 Processor . | . . . Hackware . | . . . Protection 2 | . 1 1 Artifact . | . . . Weapon 8 | 2 4 2 Energy Gun 3 | 1 . 2 Energy Cannon . | . . . Ballistic Gun 4 | 1 3 . Ballistic Cannon . | . . . Launcher . | . . . Special Weapon . | . . . Impact Weapon . | . . . Slashing Weapon 1 | . 1 . Piercing Weapon . | . . . Special Melee Weapon . | . . . Unidentified Prototypes . | . . . Parts Lost 9 | . 1 8 Power 3 | . 1 2 Propulsion 3 | . . 3 Utility 2 | . . 2 Weapon 1 | . . 1 Highest Loss Streak 8 | . 1 8 To Critical Strikes . | . . . Average Slot Usage (%) 93 | . 94 90 Engine 14 | . 14 14 Wheel 27 | . 28 25 Device 8 | . 7 10 Storage 12 | . 14 11 Energy Gun 8 | . 7 10 Ballistic Gun 14 | . 15 11 Slashing Weapon 4 | . 4 5 Peak Build Rating 9 | 9 9 9 Average Rating 6 | 6 7 6 On Entrance 5 | . 9 7 Naked Turns . | . . . Heaviest Build 24 | 8 9 24 Greatest Support 30 | 20 20 30 Greatest Overweight (x) 1 | . . 1 Average Overweight (x) . | . . . Largest Inventory Capacity 5 | 5 5 5 Average Capacity 5 | 5 5 5 Most Carried 5 | 5 5 5 Average Carried 4 | 3 5 4 Final Capacity 5 | 5 5 5 Final Carried 5 | 5 5 2 Class Distribution -------------------- 69% | Mutant 30% | Scavenger-Mutant Dominant Class ---------------- Mutant | -10/Materials Scavenger-Mutant | -10/Subcaves Resources | -11 -10 -10 ----------- Run | Yrd Mat Sub Matter Collected 520 | 316 49 155 Remotely . | . . . Salvage Created 158 | 133 25 . Parts 19 | 15 4 . Haulers Intercepted . | . . . Recyclers Shooed . | . . . Parts Field Recycled . | . . . Retrieved Matter . | . . . Parts Self-Destructed 2 | . . 2 Prevented . | . . . Kills | -11 -10 -10 ------- Run | Yrd Mat Sub Combat Hostiles Destroyed 1 | 1 . . Guns 1 | 1 . . Classes Destroyed 4 | 3 1 . Worker 1 | 1 . . Tunneler 3 | 3 . . Watcher 1 | . 1 . Grunt 1 | 1 . . Best Kill Streak 3 | 3 1 . Combat Bots Only 1 | 1 . . Max Kills in Single Turn 1 | 1 1 . Gunslinging . | . . . Exploded . | . . . Melee . | . . . Uniques/NPCs Destroyed . | . . . Combat | -11 -10 -10 -------- Run | Yrd Mat Sub Hostile Shots Fired 50 | 3 . 47 Missed 16 | 1 . 15 Damage Taken 837 | 21 71 745 Core 250 | . . 250 Absorbed by Shields . | . . . Core Remaining (%) 100 | 100 . . Volleys Fired 18 | 13 4 1 Largest 2 | 2 2 2 Hottest 70 | 60 60 70 Shots Fired 34 | 26 6 2 Gun 34 | 26 6 2 Cannon . | . . . Launcher . | . . . Special . | . . . Kinetic 19 | 13 5 1 Thermal 1 | . . 1 Explosive . | . . . Electromagnetic 14 | 13 1 . Robot Hit Streak 7 | 7 2 3 Robot Miss Streak 1 | 1 1 1 Penetration Max . | . . . Secondary Targets . | . . . Shots Hit Robots 21 | 17 3 1 Core Hits 10 | 8 2 . Critical Kills . | . . . Critical Parts Destroyed . | . . . Critical Strikes . | . . . Melee Attacks . | . . . Impact . | . . . Slashing . | . . . Piercing . | . . . Sneak Attacks . | . . . Combat Hostiles . | . . . Follow-up Attacks . | . . . Damage Inflicted 235 | 196 27 12 Guns 233 | 196 25 12 Cannons . | . . . Explosions . | . . . Melee . | . . . Ramming 2 | . 2 . Kinetic 102 | 77 25 . Thermal 12 | . . 12 Explosive . | . . . Electromagnetic 119 | 119 . . Impact . | . . . Slashing . | . . . Piercing . | . . . Highest Corruption 2 | . 2 2 Average Corruption 1 | . 1 2 Corruption Purged . | . . . Corruption Blocked . | . . . Effects 4 | . 1 3 Message Errors 1 | . . 1 Matter Fused 1 | . . 1 Heat Flow Errors 1 | . 1 . Energy Discharges 1 | . . 1 Overload Shots . | . . . Overflow Damage . | . . . Projectiles . | . . . Explosions . | . . . Melee . | . . . Knockbacks . | . . . Impact . | . . . Kinetic . | . . . Secondary . | . . . Self-Inflicted Damage 1 | . 1 . Shots . | . . . Rammed 1 | . 1 . Targets Rammed 1 | . 1 . Kicked . | . . . Crushed . | . . . Highest Temperature 239 | 26 84 239 Average Temperature 38 | 14 35 133 Received Heat Transfer 426 | 12 . 414 Siege Activations . | . . . Robots Corrupted . | . . . Combat Hostiles . | . . . Parts Fried . | . . . Impact Corruptions . | . . . Robots Melted . | . . . Combat Hostiles . | . . . Parts Melted . | . . . Heat Transferred 37 | . . 37 Parts Sabotaged . | . . . Parts Stolen . | . . . Parts Stripped . | . . . Power Chain Reactions . | . . . Alert | -11 -10 -10 ------- Run | Yrd Mat Sub Peak Influence 72 | 40 72 . Initial 26 | . 26 . Average 34 | 16 46 . Maximum Alert Level . | . . . Low Security (%) 100 | 100 100 . Level 1 . | . . . Level 2 . | . . . Level 3 . | . . . Level 4 . | . . . Level 5 . | . . . High Security . | . . . Max Security . | . . . Squads Dispatched . | . . . Investigation . | . . . Extermination . | . . . Reinforcement . | . . . Assault . | . . . Garrison . | . . . Intercept . | . . . Searches Triggered . | . . . Construction Impeded . | . . . Haulers Reinforced . | . . . Active Scanning Responses . | . . . Cargo Convoy Interrupts . | . . . Stealth | -11 -10 -10 --------- Run | Yrd Mat Sub Distress Signals 2 | . 2 . Communications Jammed . | . . . Distress Signals . | . . . Times Spotted 16 | 1 3 12 Peak Tracking Total 6 | 1 2 6 Tactical Retreats . | . . . Traps | -11 -10 -10 ------- Run | Yrd Mat Sub Traps Triggered 3 | . 2 1 Indirectly . | . . . Trap Hack Attempts . | . . . Triggered . | . . . Disarmed . | . . . Reprogrammed 2 | . 2 . Reused . | . . . Traps Extracted . | . . . Installed . | . . . Triggered . | . . . Machines | -11 -10 -10 ---------- Run | Yrd Mat Sub Machines Disabled . | . . . Max in Single Turn . | . . . Machines Repaired . | . . . Machines Dismantled . | . . . Machines Sabotaged . | . . . Overloaded Fab Kills . | . . . Hacking | -11 -10 -10 --------- Run | Yrd Mat Sub Machines Accessed 4 | . 4 . Terminals 3 | . 3 . Fabricators . | . . . Repair Stations . | . . . Recycling Units 1 | . 1 . Scanalyzers . | . . . Garrison Access . | . . . Total Hacks 15 | . 15 . Successful 11 | . 11 . Failed 4 | . 4 . Catastrophic 1 | . 1 . Database Lockouts . | . . . Manual 1 | . 1 . Terminals 13 | . 13 . Fabricators . | . . . Repair Stations . | . . . Recycling Units 2 | . 2 . Scanalyzers . | . . . Garrison Access . | . . . Terminal Hacks 9 | . 9 . Record 3 | . 3 . Prototype ID Bank 2 | . 2 . Terminal Index 1 | . 1 . Locate Traps 2 | . 2 . Reprogram Traps 1 | . 1 . Fabricator Hacks . | . . . Repair Station Hacks . | . . . Recycling Unit Hacks 2 | . 2 . Report Inventory 1 | . 1 . Retrieve Components 1 | . 1 . Scanalyzer . | . . . Garrison Access Hacks . | . . . Unauthorized Hacks . | . . . Terminals . | . . . Fabricators . | . . . Repair Stations . | . . . Recycling Units . | . . . Scanalyzers . | . . . Garrison Access . | . . . Data Cores Recovered . | . . . Used . | . . . Hacking Detections 3 | . 3 . Full Trace Events . | . . . Feedback Events . | . . . Feedback Blocked . | . . . Robot Schematics Acquired . | . . . Robots Built . | . . . Authchips . | . . . Time . | . . . Total Robot Build Rating . | . . . Part Schematics Acquired . | . . . Parts Built . | . . . Authchips . | . . . Time . | . . . Total Part Build Rating . | . . . Parts Repaired . | . . . Time . | . . . Parts Recycled . | . . . Recycled Matter . | . . . Retrieved Matter . | . . . Retrieved Components 9 | . 9 . Parts Scanalyzed . | . . . Part Schematics Acquired . | . . . Parts Damaged . | . . . Bothacking | -11 -10 -10 ------------ Run | Yrd Mat Sub Used RIF Installer . | . . . Robots Hacked . | . . . Non-combat . | . . . Combat . | . . . Robot Hacks Applied . | . . . Relay Couplers Released . | . . . Fabnet Peak Effective % . | . . . Robots Rewired . | . . . Allies Hacked . | . . . Hacks Repelled . | . . . Allies | -11 -10 -10 -------- Run | Yrd Mat Sub Total Allies . | . . . Largest Group . | . . . Highest-Rated Group . | . . . Highest-Rated Ally . | . . . Total Orders . | . . . Ally Attacks . | . . . Total Damage . | . . . Kills . | . . . Allies Corrupted . | . . . Allies Melted . | . . . Intel | -11 -10 -10 ------- Run | Yrd Mat Sub Robot Analysis Total . | . . . Derelict Logs Recovered 1 | . . 1 Drone Launches . | . . . Drone Recoveries . | . . . Exploration | -11 -10 -10 ------------- Run | Yrd Mat Sub Turns Passed 718 | 206 317 195 Spaces Moved 751 | 178 354 219 Core 15 | 15 . . Treads . | . . . Legs 3 | . . 3 Wheels 733 | 163 354 216 Hover . | . . . Flight . | . . . Fastest Speed 50 | 50 80 80 Average Speed 79 | 77 80 80 Slowest Speed 120 | 80 80 120 Overloaded Moves . | . . . Propulsion Burnouts . | . . . Robots Hopped . | . . . Cave-ins Triggered . | . . . Exploration Rate (%) 28 | 9 56 19 Regions Visited 2 Branch Regions 1 Pre-discovered Areas . | . . . Known Exits Taken . | . . . Unknown Exits Taken 2 | 1 1 . Scrap Searched . | . . . Spaces Dug . | . . . Terrain Destroyed . | . . . Melee . | . . . Projectile . | . . . AOE . | . . . Terrain Rammed . | . . . Walls Destroyed . | . . . Machines Disabled . | . . . Actions | -11 -10 -10 --------- Run | Yrd Mat Sub Total 839 | 223 384 232 Wait 14 | 9 5 . Move 749 | 177 353 219 Hop . | . . . Pick Up 12 | 9 3 . Fast Attach 19 | 7 7 5 Attach 3 | . . 3 Detach . | . . . Swap 4 | 2 1 1 Drop 19 | 6 10 3 Fire 18 | 13 4 1 Melee . | . . . Ram 1 | . 1 . Kick . | . . . Crush . | . . . Escape Stasis . | . . . Rewire . | . . . Trap . | . . . Miscellaneous . | . . . Route ------- -11/Scrapyard -10/Materials (discovered 4 exits: [*Mat x2] / [*Min] / [*Sub]) -10/Subcaves History --------- Turn | Location | Event 2 | -11/Scrapyard | Met Revision 17 104 | -11/Scrapyard | Discovered new exit (range 8) 207 | -11/Scrapyard | Entered Materials 295 | -10/Materials | Discovered new exit (range 8) 306 | -10/Materials | Build established: Mutant 363 | -10/Materials | Discovered new exit (range 11) 371 | -10/Materials | Discovered new exit (range 14) 514 | -10/Materials | Discovered new exit (range 11) 524 | -10/Materials | Entered Subcaves 626 | -10/Subcaves | Ambushed by swarm of Subdwellers 675 | -10/Subcaves | Lost 4 allies 692 | -10/Subcaves | Core integrity fell below 50% 718 | -10/Subcaves | Core integrity fell below 20% 719 | -10/Subcaves | Destroyed by 8X-S0F(R) with Subdweller Beam Cannon Last Messages --------------- Data stored: Storage entrances (x1). 00666_ System corrupted: Matter fused (-9). 00671_ RS-M73(R) destroyed. 00675_ 2W-5YF(R) affixes Scrap Shield Fragment to Scrap Shield. 00676_ Structural Scanner destroyed. 00676_ AT-RS8(R) affixes Scrap Shield Fragment to Scrap Shield. 00680_ B7-NZZ(R) affixes Scrap Shield Fragment to Scrap Shield. 00682_ AT-RS8(R) affixes Scrap Shield Fragment to Scrap Shield. 00682_ Acquired 27 matter. 00683_ Lgt. Ion Engine destroyed. 00684_ Lgt. Assault Rifle destroyed. 00686_ Wheel destroyed. 00686_ Critical hit (Meltdown: +270). 00688_ Wheel destroyed. 00689_ Med. Matter Pod destroyed. 00712_ Acquired Carbon-fiber Leg. 00715_ Wheel destroyed. 00715_ Ion Engine destroyed. 00715_ Acquired Carbon-fiber Leg. 00717_ Acquired 10 matter. Map ----- +----------------------------------------------------+ | ?????????????????????????????????????????????????? | | ?????????????????????????????????????????????????? | | ?????????????????????????????????????????????????? | | ?????????????????????????????????????????????????? | | ?????????????????????????????????????????????????? | | ??????????????????????????????#####??????????????? | | ?????????????????????????#############???????????? | | ?????????????????????########## #####???????????? | | ?????????????????????###### ###??????????? | | ?????????????????????## ## ###??????????? | | ?????????????????????## ##??????????? | | ?????????????????????### ###??????????? | | ??????????????????????### R ########??????? | | ??????????????????????### # ########????? | | ??????????????????????## % ""# ######??? | | ??????????????????????## * #### #####?? | | ??????????????????????## ]%;####### ##### | | ??????????????????????## ;####### #### | | ??????????????????????####;; ###### ### | | ??????????????????????####;; #;# #### ## | | ?????????????? ??????#### R ###### ## | | ????????????## ###?##; % R####### ### | | ????????????## ###### % ####### # # | | ????????????## #### ! ###### | | ????????????## % % ### | | ????????????### @ ;;;; #### ## # | | ?????????????#####; # ;######## #### | | ?????????????######; ########### ####### | | ??????????????######; ######???## ######## | | ?????????????#######; ###???### ### ### | | ?????????????### ##???######## ## | | ??????????? ############# ## | | ??????????? ############# ## | | ??????????? # ##### # ^## | | ???????????## ## # ^ ### | | ???????????## ######## ### | | ???????????############ ## #########? | | ??????????###### ##### ## ### #########? | | ??????????##### ### ## ######## ##???? | | ??????????## ## ##### ##???? | | ?????????? ## ## #### ###???? | | ?????????? #### ! ## ##### #####???? | | ??????????? ##### # ####### # ####????? | | ??????????????### # # ######## ###?????? | | ?????????## ## # ## ## ##?????? | | ?????????## ## # ###?????? | | ????????? ## # ####????? | | ?????????? # # #### #### # ### ????? | | ????????? ########## #### ##????? | | ?????????? ########### ######## ###????? | +----------------------------------------------------+ Best States ------------- Heat Dissipation 25 Energy Generation 10 Energy Capacity 250 Matter Stores 388 Matter Capacity 400 Sight Range 16 Terrain Scan Range 16 Terrain Scan Density 10 Core Shielding 20 Evasion (%) 50 Item Schematics ----------------- None Robot Schematics ------------------ None Fabricated ------------ Nothing Alien Tech Used ----------------- None Achievements -------------- None Challenges ------------ None Game ------ Seed GravmagFissionSystem Manual? 0 Play Time 00:13:14 Cumulative 1.8 hours Start 2024.08.08 @ 00:04:38 End 2024.08.08 @ 00:17:51 Sessions 1 Manual Loads 0 Difficulty Rogue Special Mode None Game No. 3 Rogue 3 Adventurer 0 Explorer 0 Win Type - Total 0 Types 0/0/0/0/0/0/0/0/0 Lore% 3 Gallery% 3 Achievement% 5 Wizard Run 0 Options --------- Layout 0 ASCII 1 Keyboard 0 Movement Mouse Keybinds 0 Fullscreen 1 Font 24/X11 Map View 76x50 Zoom Use 0% Tactical HUD 1 Map Filters NONE Filters NONE Steam 0 RUN: 9384b614-8cb9-4c1c-8df0-544b866f82d3